Map: Glittering Ashes LE

Players

Osiris - Winner!

  • Race: Terran Terran
  • League: Diamond
  • Spawn Location: 7:00

dibelloware

  • Race: Zerg Zerg
  • League: Diamond
  • Spawn Location: 1:00

VOD

Have the link to the VOD?

Description

Time

  • Played on: July 19, 2022, 11:48 a.m.
  • Length: 10:17
Show
View Real Time Build Order
Export as new Build Order

Osiris Terran - Winner!

Build Orders: Reaper Expand 

Get SALT Encoding   

  12  0:00  SCV  
  13  0:12  SCV  
  14  0:16  Supply Depot  
  14  0:24  SCV  
  15  0:38  SCV  
  15  0:39  Barracks  
  16  0:43  Refinery  
  16  0:50  SCV  
  17  1:02  SCV  
  18  1:14  SCV  
  19  1:26  Reaper  
  19  1:27  Orbital Command  
  20  1:40  Command Center  
  20  1:47  Supply Depot  
  20  1:53  SCV  
  21  1:58  Marine  
  22  2:07  SCV  
  23  2:09  Factory  
  23  2:19  SCV  
  23  2:22  Bunker  
  23  2:26  Bunker  
  23  2:31  SCV, Marine  
  25  2:37  Refinery  
  25  2:43  SCV  
  26  2:49  Marine  
  27  2:54  Starport  
  27  2:56  SCV  
  27  2:58  Factory Tech Lab  
  28  2:59  Orbital Command  
  28  3:08  SCV  
  28  3:09  Marine  
  30  3:18  Cyclone  
  33  3:20  SCV  
  33  3:26  SCV  
  35  3:27  Marine  
  36  3:43  SCV  
  36  3:45  Marine  
  38  3:49  SCV  
  39  3:56  SCV  
  39  4:00  Cloaking Field  
  39  4:02  Banshee  
  43  4:05  SCV, Factory Tech Lab  
  44  4:12  SCV  
  44  4:14  Barracks Reactor  
  44  4:15  Bunker  
  44  4:16  Supply Depot  
  44  4:18  SCV  
  45  4:25  Supply Depot  
  45  4:32  Command Center  
  45  4:38  SCV  
  46  4:39  Barracks  
  46  4:40  SCV  
  46  4:43  Supply Depot  
  46  4:44  Barracks  
  47  4:50  SCV  
  49  4:52  SCV  
  49  4:55  Marine x2  
  49  4:56  Banshee  
  49  4:58  Factory Reactor  
  54  5:02  SCV  
  54  5:04  SCV  
  56  5:08  Supply Depot  
  57  5:14  SCV  
  57  5:17  SCV  
  58  5:22  Marine x2  
  58  5:26  SCV  
  61  5:29  SCV, Marine, Stimpack  
  61  5:31  Engineering Bay  
  61  5:35  Refinery  
  63  5:38  SCV  
  63  5:40  Barracks  
  63  5:41  SCV, Factory Tech Lab  
  63  5:42  Marine, Engineering Bay  
  65  5:43  Marine x2  
  65  5:45  Barracks  
  68  5:50  SCV  
  68  5:55  Starport Reactor, Marine x2  
  73  5:58  Orbital Command  
  73  6:00  SCV  
  73  6:02  Marine  
  73  6:03  Marine x2  
  73  6:04  Siege Tank  
  78  6:06  SCV  
  78  6:10  Terran Infantry Weapons Level 1  
  79  6:11  Terran Infantry Armor Level 1  
  79  6:12  SCV  
  79  6:13  Marine  
  79  6:16  Marine  
  83  6:18  SCV  
  83  6:20  Marine  
  83  6:22  Marine x2  
  83  6:23  Refinery  
  83  6:24  SCV  
  87  6:31  Marine, Barracks Reactor x2  
  88  6:32  Medivac  
  88  6:34  SCV  
  88  6:35  SCV  
  89  6:45  Bunker  
  87  6:47  Bunker  
  84  6:59  SCV  
  85  7:04  Marine  
  85  7:05  Marine x4  
  85  7:06  Siege Tank, Bunker  
  93  7:14  SCV, Supply Depot, Marine x2, Medivac  
  93  7:15  Supply Depot  
  98  7:16  Marine x2  
  98  7:19  Combat Shield  
  98  7:20  SCV  
  101  7:36  Marine x7, Medivac  
  110  7:45  Siege Tank, Medivac  
  110  7:46  Marine x2  
  117  7:51  Supply Depot  
  117  7:53  Marine  
  117  7:54  SCV x2, Supply Depot  
  120  7:59  Orbital Command  
  120  8:06  SCV x2  
  120  8:09  Armory  
  120  8:11  Supply Depot  
  122  8:12  Supply Depot  
  122  8:13  Marine x8  
  122  8:14  Supply Depot, Marauder  
  122  8:15  Medivac  
  122  8:18  SCV  
  135  8:23  Siege Tank  
  138  8:39  Marine x6  
  138  8:40  Marine, Medivac  
  147  8:41  Marine x2  
  147  8:42  SCV x2  
  147  8:45  Medivac  
  133  8:56  Marine  
  133  8:57  Marine x4  
  134  9:04  Marine x3  
  134  9:05  Siege Tank, Marine  
  139  9:14  Marine x2  
  139  9:15  Marine x2  
  139  9:16  Barracks  
  142  9:17  Barracks  
  142  9:20  Barracks  
  142  9:24  Supply Depot  
  142  9:27  Marine x3  
  132  9:38  Marine  
  132  9:39  Marine x4  
  132  9:40  Siege Tank, Medivac, Marine  
  132  9:45  Marine x2  
  140  9:55  Marine  
  140  9:56  Marine x3  
  140  9:57  Marine  
  140  9:58  Marine  
Show
View Real Time Build Order
Export as new Build Order

dibelloware Zerg 

Build Orders: Pool First 

Get SALT Encoding   

  12  0:01  Drone  
  13  0:13  Overlord  
  13  0:17  Drone  
  14  0:31  Drone x2  
  16  0:36  Drone  
  17  0:46  Spawning Pool  
  17  0:49  Drone  
  17  0:57  Drone  
  18  1:14  Hatchery  
  18  1:17  Extractor  
  17  1:18  Drone  
  17  1:21  Drone  
  18  1:29  Drone  
  19  1:35  Queen  
  19  1:39  Zergling x2  
  22  1:50  Overlord  
  22  1:55  Roach Warren  
  22  2:01  Drone  
  22  2:14  Queen  
  24  2:25  Queen  
  24  2:26  Overlord  
  24  2:28  Drone  
  27  2:38  Roach x2  
  27  2:42  Roach  
  33  2:48  Drone x2  
  35  2:56  Lair  
  35  3:00  Drone  
  36  3:12  Drone  
  37  3:13  Drone x3  
  37  3:19  Overlord  
  40  3:22  Drone x2  
  40  3:24  Drone  
  40  3:26  Drone  
  44  3:37  Extractor, Overlord  
  44  3:38  Drone x2  
  45  3:44  Overlord  
  45  3:45  Drone  
  46  3:49  Drone  
  46  3:59  Glial Reconstitution  
  46  4:02  Drone x4  
  50  4:12  Metabolic Boost  
  50  4:18  Hatchery  
  50  4:20  Drone  
  50  4:21  Drone x3  
  50  4:23  Extractor  
  52  4:28  Queen  
  52  4:31  Extractor  
  53  4:32  Drone x2  
  53  4:33  Drone  
  56  4:42  Overlord x2  
  56  4:46  Drone x2  
  56  4:50  Roach x2  
  62  4:55  Overseer  
  62  4:57  Overlord x2  
  62  5:00  Overseer  
  62  5:12  Roach  
  62  5:13  Roach x4  
  72  5:28  Overlord  
  72  5:32  Drone x6  
  78  5:41  Zergling x2  
  78  5:42  Zergling x8  
  83  5:49  Hatchery  
  82  5:50  Spire  
  79  6:04  Ravager x6  
  79  6:05  Ravager  
  79  6:06  Zergling x2  
  79  6:07  Zergling x12  
  92  6:18  Drone x2, Evolution Chamber x2  
  91  6:19  Drone  
  91  6:21  Baneling Nest  
  92  6:28  Drone  
  92  6:29  Drone x4  
  92  6:32  Ravager x3  
  82  6:56  Drone  
  82  6:57  Drone x14  
  97  7:02  Zerg Ground Armor Level 1, Zerg Melee Weapons Level 1  
  97  7:05  Centrifugal Hooks  
  97  7:10  Zergling x2  
  97  7:11  Zergling x6  
  97  7:15  Queen  
  103  7:31  Extractor  
  103  7:35  Extractor  
  101  7:42  Drone x4  
  101  7:43  Drone x2  
  104  7:45  Drone  
  104  7:46  Drone x7  
  112  7:56  Overlord x5  
  112  7:57  Overlord x2  
  112  8:14  Queen  
  112  8:16  Baneling x2  
  112  8:17  Baneling x4  
  112  8:18  Drone x6  
  112  8:19  Drone x6  
  126  8:22  Extractor x2  
  126  8:23  Zerg Flyer Weapons Level 1  
  126  8:24  Overseer  
  123  8:27  Zergling x6  
  123  8:30  Zergling x6  
  123  8:31  Zergling x8  
  123  8:33  Queen x3  
  137  8:44  Zergling x2  
  137  8:45  Zergling x14  
  135  8:49  Queen  
  135  8:52  Zergling x6  
  134  8:57  Zergling x8  
  127  9:02  Zergling x2  
  127  9:03  Zergling x10  
  128  9:11  Zergling x4  
  128  9:15  Zergling x2  
  128  9:16  Zergling x2  
  127  9:18  Baneling  
  127  9:19  Baneling x7  
  124  9:29  Zergling x2  
  124  9:30  Zergling x6  
  109  9:38  Zergling x2  
  109  9:39  Zergling x6  
  109  9:42  Zergling x2  
  109  9:43  Zergling x2  
  110  9:48  Zergling x2  
  110  9:49  Zergling x2  
  95  9:57  Baneling x3  
  95  9:58  Zergling x14  
Tags
 
Add a new tag
Caveats
  • Supply blocks, unpowered buildings, or Contaminate may cause inaccurate times.
  • Supply counts are checked every 10 seconds.